 Dungeon Crawl Stone Soup version 0.27.0-1-g7a089689b8 (webtiles) character file.

Game seed: 5455229368324319277

252 PentaManta the Ruffian (level 6, -2/51 HPs)
             Began as a Ghoul Monk on Aug 16, 2021.
             Slain by Crazy Yiuf (4 damage)
             ... on level 2 of the Dungeon.
             The game lasted 00:04:25 (1732 turns).

PentaManta the Ruffian (Ghoul Monk)                 Turns: 1732, Time: 00:04:25

Health: -2/51      AC:  5    Str: 17    XL:     6   Next: 14%
Magic:  5/5        EV: 11    Int:  5    God:
Gold:   58         SH:  0    Dex: 11    Spells: 5/5 levels left

rFire    . . .     SeeInvis .     - Unarmed
rCold    + . .     Faith    .   (no shield)
rNeg     + + +     Spirit   .   d - +0 ring mail
rPois    ∞         Reflect  .   (no helmet)
rElec    .         Harm     .   (no cloak)
rCorr    .         Rampage  .   (no gloves)
Will     .....                  (no boots)
Stlth    +.........             (no amulet)
HPRegen  0.00/turn              (no ring)
MPRegen  0.09/turn              (no ring)

@: weak-willed, inhibited regen
A: claws 1, cold resistance 1, negative energy resistance 3, inhibited
regeneration, torment resistance 2
a: no special abilities


You were on level 2 of the Dungeon.
You visited 1 branch of the dungeon, and saw 2 of its levels.

You collected 58 gold pieces.

Inventory:

Hand Weapons
 e - a +1 dagger of venom
Missiles
 j - 20 poisoned darts (quivered)
Armour
 a - a +0 robe
 b - a +2 kite shield
 d - a +0 ring mail (worn)
 h - a +0 tower shield
Scrolls
 c - a scroll of fear {unknown}
 f - a scroll of vulnerability
 k - a scroll of blinking {unknown}
 l - a scroll of teleportation {unknown}
 m - a scroll of identify {unknown}
Potions
 g - a potion of flight {unknown}
 i - a potion of magic {unknown}
 n - a potion of cancellation {unknown}
 o - a potion of curing {unknown}


   Skills:
 - Level 3.2 Fighting
 - Level 2.6 Dodging
 - Level 2.1 Stealth
 + Level 7.3 Unarmed Combat


You had 5 spell levels left.
You didn't know any spells.
Your spell library contained the following spells:

 Spells                   Type           Power      Damage    Failure   Level
 Airstrike                Air            0%         N/A       100%        4
 Summon Lightning Spire   Summ/Air       0%         N/A       100%        4
 Lightning Bolt           Conj/Air       0%         1d11      100%        5


Dungeon Overview and Level Annotations

Branches:
Dungeon (2/15)

Altars:

Annotations:
D:2 Crazy Yiuf


Innate Abilities, Weirdness & Mutations

You thrive by killing the living.
You are immune to poison.
You have sharp fingernails.
Your flesh is cold resistant. (rC+)
You are immune to negative energy. (rN+++)
You do not regenerate when monsters are visible.
You are immune to unholy pain and torment.


Message History

The adder bites you.
You scratch the adder.
You kill the adder!
No target in view!
You see here an adder corpse.
f - 2 scrolls labelled OBIYCR NEWIFOD (gained 1)
You see here a +0 whip.
Crazy Yiuf shouts!
Could not explore, unopened runed door.
Could not explore, unopened runed door.
You open the door. You scratch Crazy Yiuf.
Crazy Yiuf is moderately wounded.
Crazy Yiuf hits you with a +3 quarterstaff of chaos!
You scratch Crazy Yiuf.
Crazy Yiuf is heavily wounded.
Crazy Yiuf hits you with a +3 quarterstaff of chaos.
You completely miss Crazy Yiuf. You claw Crazy Yiuf.
Crazy Yiuf is heavily wounded.
Crazy Yiuf hits you with a +3 quarterstaff of chaos!
Crazy Yiuf freezes you.
You barely miss Crazy Yiuf.
Crazy Yiuf is heavily wounded.
Crazy Yiuf hits you with a +3 quarterstaff of chaos.
You scratch Crazy Yiuf.
Crazy Yiuf is severely wounded.
Crazy Yiuf hits you with a +3 quarterstaff of chaos!
* * * LOW HITPOINT WARNING * * *
Crazy Yiuf burns you.
* * * LOW HITPOINT WARNING * * *
Crazy Yiuf cries, "Lugonu!
Ghoul snail disdain."
Crazy Yiuf cries, "Cards ladder Xom!"
As you read the scroll labelled OBIYCR NEWIFOD, it crumbles to dust.
Magic quickly surges around you.
It was a scroll of vulnerability.
Press: ? - help, v - describe, . - travel
Here: Crazy Yiuf, wielding a +3 quarterstaff of chaos and wearing a +0 cloak (severely wounded, weak-willed)
The floor.
Crazy Yiuf grits, "Snurf hog sow!"
Crazy Yiuf hits you with a +3 quarterstaff of chaos.
You die...

##..# #.#####..# ♣..PP♣
#..# #........# #....#
##..# #######..###....#
..#.# #...###...# .##.#
##...####.## .##.##
#.........#
.#...##########.....#####
................g...#
##...###########@..##
##.## #..## ###.#### #..#
.......# #..# .......#
#..### ###.#..# #....#
###.#..# ##.#.## ..#.#..#
#######....# ..#.#..#
#..........#


You could see Crazy Yiuf (weak-willed).

Vanquished Creatures
  Sigmund (D:2)
  Terence (D:2)
  2 adders (D:2)
  An orc (D:2)
  5 ball pythons
  An endoplasm (D:2)
  2 giant cockroaches
  5 goblins
  6 hobgoblins
  11 jackals
  4 quokkas (D:1)
  6 bats
  4 frilled lizards
  4 kobolds
  3 rats
56 creatures vanquished.

Notes
Turn   | Place    | Note
-------+----------+-------------------------------------------
     0 | D:1      | PentaManta the Ghoul Monk began the quest for the Orb.
     0 | D:1      | Reached XP level 1. HP: 19/19 MP: 0/0
    87 | D:1      | Found a faded altar of an unknown god.
   158 | D:1      | Reached XP level 2. HP: 26/26 MP: 1/1
   160 | D:1      | Reached skill level 4 in Unarmed Combat
   302 | D:1      | Reached XP level 3. HP: 31/31 MP: 2/2
   904 | D:2      | Noticed Sigmund
   913 | D:2      | Killed Sigmund
   914 | D:2      | Reached skill level 6 in Unarmed Combat
   914 | D:2      | Reached XP level 4. HP: 27/38 MP: 3/3
   914 | D:2      | Reached XP level 5. HP: 32/45 MP: 4/4
  1110 | D:2      | Reached skill level 7 in Unarmed Combat
  1319 | D:2      | Found a runed translucent door.
  1320 | D:2      | Noticed Crazy Yiuf
  1453 | D:2      | Noticed Terence
  1468 | D:2      | Killed Terence
  1469 | D:2      | Reached XP level 6. HP: 38/51 MP: 5/5
  1712 | D:2      | HP: 2/51 [Crazy Yiuf (6)]
  1732 | D:2      | Slain by Crazy Yiuf

Illustrated notes

Levels and vault maps discovered:
D:1:      minmay_arrival_semitransparent, layout_loops_ring,
          dreamdust_ecumenical_altar_grove
D:2:      layout_loops_ring, minmay_misc_feat_doors, uniq_crazy_yiuf_cottage,
          uniq_terence, uniq_sigmund

Skill      XL: |  1  2  3  4  5 |
---------------+----------------+-----
Unarmed Combat | 4 6 7 |  7.3
Fighting       | |  3.2
Dodging        | |  2.6
Stealth        | |  2.1

Action                   |  1- 3 |  4- 6 || total
-------------------------+-------+-------++-------
Melee: Unarmed           |    73 |    69 ||   142
       Punch             |     2 |     1 ||     3
  Use: Scroll            |       |     1 ||     1
 Stab: Sleeping          |     2 |       ||     2
Armor: Robe              |     3 |       ||     3
       Ring mail         |    13 |    13 ||    26
Dodge: Dodged            |    40 |    51 ||    91
